 Dungeon Crawl Stone Soup version 0.32-a0-859-gb0a091d592 (webtiles) character file.

Game seed: 13472680563125623756

173 javelincjr the Trooper (level 5, -1/79 HPs)
             Began as a Troll Hunter on Mar 27, 2024.
             Killed by divine providence
             ... invoked by an orc priest
              (13 damage)
             ... on level 3 of the Dungeon.
             The game lasted 00:06:55 (1810 turns).

javelincjr the Trooper (Troll Hunter)               Turns: 1810, Time: 00:06:56

Health: -1/79      AC:  4    Str: 17    XL:     5   Next: 28%
Magic:  4/4        EV: 10    Int:  3    God:
Gold:   89         SH:  0    Dex: 23    Spells: 4/4 levels left

rFire   . . .        (no weapon)
rCold   . . .        (no shield)
rNeg    . . .        c - +0 robe
rPois   .            (helmet restricted)
rElec   .            (no cloak)
rCorr   .            (gloves unavailable)
SInv    .            (boots unavailable)
Will    .....        (no amulet) Stlth
                     (no ring)
HPRegen 1.13/turn    (no ring)
MPRegen 0.09/turn

%: no passive effects
@: berserking (expiring), very quick
A: large, unfitting armour, claws 3, regeneration 1, shaggy fur 1, tough skin 1,
agile 2, wild magic 1, no potion heal 1
a: Convert to Beogh


You were on level 3 of the Dungeon.
You visited 1 branch of the dungeon, and saw 3 of its levels.

You collected 89 gold pieces.

Inventory:

Hand Weapons
 a - a +0 shortbow
 m - a +1 dagger of speed
Missiles
 k - 3 poisoned darts
Armour
 c - a +0 robe (worn)
Jewellery
 l - a +6 ring of strength
Scrolls
 f - a scroll of amnesia {unknown}
 g - a scroll of torment {unknown}
 h - 3 scrolls of identify {unknown}
 i - a scroll of revelation {unknown}
 j - 2 scrolls of vulnerability {unknown}
Potions
 n - a potion of attraction {unknown}


   Skills:
 * Level 3.1 Fighting
 + Level 3.1 Ranged Weapons
 + Level 2.4 Dodging
 + Level 1.3 Stealth


You had 4 spell levels left.
You didn't know any spells.
Your spell library contained the following spells:

 Spells                   Type           Power      Damage    Failure   Level
 Magic Dart               Conj           0%         1d3       61%         1
 Blink                    Tloc           0%         N/A       75%         2
 Call Imp                 Summ           0%         N/A       75%         2
 Dazzling Flash           Conj/Hex       0%         N/A       92%         3
 Mephitic Cloud           Conj/Alch/Air  0%         N/A       92%         3
 Swiftness                Air            0%         N/A       92%         3
 Vhi's Electric Charge    Tloc/Air       0%         N/A       100%        4
 Curse of Agony           Necr           0%         N/A       100%        5
 Silence                  Hex/Air        0%         N/A       100%        5
 Chain Lightning          Conj/Air       0%         N/A       100%        9


Dungeon Overview and Level Annotations

Branches:
Dungeon (3/15)

Altars:


Innate Abilities, Weirdness & Mutations

You are too large for most types of armour.
You have claws for hands.
Your natural rate of healing is unusually fast.
You are covered in fur. (AC +1)
You have tough skin. (AC +1)
You are very agile. (Dex +8, Str/Int -2)
Your spells are a little harder to cast, but a little more powerful.
Potions are less effective at restoring your health.


Message History

Press: ? - help, Q - select action, (/) - cycle Shift-Dir - straight line, f/p - orc
Aim: an orc, wielding a +0 hand axe and wearing a +0 scale mail (lightly wounded, 64% to hit)
You shoot an arrow.
The arrow hits the orc but does no damage.
The orc is lightly wounded.
The orc hits you but does no damage.
The orc priest calls down the wrath of Beogh upon you.
Pain shoots through your body!
Fire: a) +0 shortbow
Press: ? - help, Q - select action, (/) - cycle Shift-Dir - straight line, f/p - orc
Aim: an orc, wielding a +0 hand axe and wearing a +0 scale mail (lightly wounded, 64% to hit)
You shoot an arrow. The arrow closely misses the orc.
The orc barely misses you. The orc priest barely misses you.
The orc closely misses you.
The orc priest invokes the aid of Beogh against you.
Beogh smites you!
* * * LOW HITPOINT WARNING * * *
It was a potion of mutation.
You feel extremely strange.
Your system partially rejects the healing effects of potions.
You feel less in control of your magic.
You feel agile. x2
The orc hits you with a +0 hand axe.
* * * LOW HITPOINT WARNING * * *
The orc priest barely misses you.
It was a potion of berserk rage.
A red film seems to cover your vision as you go berserk!
You feel yourself moving faster!
You feel mighty! The orc barely misses you.
The orc priest hits you with a +0 flail.
* * * LOW HITPOINT WARNING * * *
Okay, then.
You are now empty-clawed.
You feel a strong urge to attack something.
Okay, then.
Okay, then.
The orc priest shouts, "Beogh offers mercy even to people such as you.
Join us and be reborn!"
You claw the orc priest!
The orc priest is severely wounded.
The orc barely misses you.
The orc priest mumbles some strange prayers to Beogh against you.
Beogh smites you!
You die...

. ##... ##.
.## ..... ...#
## .. .....
#..##. ..###
###.. .....
.#.. #.# ...
... ..
#.####.#
...###$.##o.#
#.......o@.##
...####.)##..#
. ##..##.#
##"##.# #....#
# ###..##.#
#...#.#
##<.#.# ##
##...### .###


You could see an orc priest and an orc.

Vanquished Creatures
  2 orc wizards (D:3)
  4 gnolls
  3 adders
  A dart slug (D:1)
  6 orcs (D:3)
  6 endoplasms
  5 giant cockroaches
  5 goblins
  2 hobgoblins (D:2)
  A quokka (D:2)
  4 ball pythons
  2 bats (D:2)
  3 frilled lizards
  5 kobolds
  4 rats
53 creatures vanquished.

Notes
Turn   | Place    | Note
-------+----------+-------------------------------------------
     0 | D:1      | javelincjr the Troll Hunter began the quest for the Orb.
     0 | D:1      | Reached XP level 1. HP: 19/19 MP: 0/0
   235 | D:1      | Reached XP level 2. HP: 28/28 MP: 1/1
   982 | D:2      | Reached XP level 3. HP: 30/35 MP: 2/2
  1112 | D:2      | Reached skill level 1 in Stealth
  1460 | D:2      | Got the Reference Book on the Storm
  1601 | D:3      | Reached XP level 4. HP: 44/44 MP: 3/3
  1713 | D:3      | Reached XP level 5. HP: 53/53 MP: 4/4
  1807 | D:3      | Gained mutation: Potions are less effective at restoring
                  | your health. [potion of mutation]
  1807 | D:3      | Gained mutation: Your spells are a little harder to cast,
                  | but a little more powerful. [potion of mutation]
  1807 | D:3      | Gained mutation: You are agile. (Dex +4, Str/Int -1)
                  | [potion of mutation]
  1807 | D:3      | Gained mutation: You are very agile. (Dex +8, Str/Int -2)
                  | [potion of mutation]
  1810 | D:3      | Killed from afar by an orc priest

Illustrated notes

Levels and vault maps discovered:
D:1:      hellmonk_arrival_library, layout_basic, nicolae_the_louvre
D:2:      layout_basic, grunt_ministairs_3
D:3:      layout_rooms, amethyst_overflow_temple_binary,
          hangedman_feature_mirror

Skill      XL: |  1  2  3  4 |
---------------+-------------+-----
Fighting       | 2 3 |  3.1
Dodging        | 2 |  2.4
Stealth        | 1 |  1.3
Ranged Weapons | 3 |  3.1

Action                     |  1- 3 |  4- 6 || total
---------------------------+-------+-------++-------
  Melee: Unarmed           |       |     1 ||     1
   Fire: Shortbow          |   103 |    69 ||   172
    Use: Scroll            |       |     1 ||     1
         Potion            |       |     2 ||     2
 Armour: Robe              |    25 |    46 ||    71
  Dodge: Dodged            |    20 |    30 ||    50

Table legend: (Time is in decaauts)
 A = Elapsed time spent in this place.
 B = Non-inter-level travel time spent in this place.
 C = Inter-level travel time spent in this place.
 D = Time resting spent in this place.
 E = Time spent auto-exploring this place.
 F = Levels seen in this place.
 G = Mean time per level.
                   A        B        C        D        E       F      G
               +--------+--------+--------+--------+--------+-----+--------+
         Total |   1852 |   1768 |     84 |      6 |   1406 |   3 |  617.3 |
       Dungeon |   1852 |   1768 |     84 |      6 |   1406 |   3 |  617.3 |
               +--------+--------+--------+--------+--------+-----+--------+

Top non-repeatable levels by time:
     D:1: 914 daAuts
     D:2: 694 daAuts
     D:3: 243 daAuts
